 Dungeon Crawl Stone Soup version 0.17.0-28-g6e173f8 (webtiles) character file.

100 coffecat the Skirmisher (level 5, -3/42 HPs)
             Began as a Human Berserker on Nov 28, 2015.
             Was a Believer of Trog.
             Slain by Grinder (4 damage)
             ... while paralysed by Grinder
             ... on level 3 of the Dungeon.
             The game lasted 00:04:37 (801 turns).

coffecat the Skirmisher (Human Berserker)            Turns: 801, Time: 00:04:37

Health: -3/42      AC:  5    Str: 18    XL:     5   Next: 3%
Magic:  5/5        EV:  2    Int:  8    God:    Trog [**....]
Gold:   74         SH:  0    Dex: 12    Spells: 0 memorised, 4 levels left

rFire  . . .     SeeInvis .     a - +0 hand axe
rCold  . . .     Clarity  .     g - +0 ring mail
rNeg   . . .     SustAt   .     (no shield)
rPois  .         Gourm    .     (no helmet)
rElec  .         Spirit   .     (no cloak)
rCorr  .         Warding  .     (no gloves)
rMut   .         Stasis   .     (no boots)
MR     .....                    (no amulet)
Stlth  +.........               (no ring)
                                (no ring)

@: paralysed, not resistant to hostile enchantments, very unstealthy
A: no striking features
a: Berserk, Trog's Hand, Burn Spellbooks, Renounce Religion


You were on level 3 of the Dungeon.
You worshipped Trog.
Trog was pleased with you.
You were not hungry.

You visited 1 branch of the dungeon, and saw 3 of its levels.

You collected 74 gold pieces.

Inventory:

Hand Weapons
 a - a +0 hand axe (weapon)
 f - a +0 hand axe
Armour
 b - a +0 animal skin
 g - a +0 ring mail (worn)
Scrolls
 c - a scroll of magic mapping {unknown}
 e - 2 scrolls of random uselessness {unknown}
 i - a scroll of enchant weapon {unknown}
 j - a scroll of fog {unknown}
 k - a scroll of recharging {unknown}
 n - a scroll of remove curse {unknown}
 o - 2 scrolls of identify {unknown}
Potions
 d - a potion of mutation {unknown}
 h - 2 potions of flight {unknown}
Comestibles
 l - a bread ration
 m - 2 meat rations


   Skills:
 + Level 3.9 Fighting
 + Level 3.6 Axes
 + Level 2.2 Armour
 + Level 3.2 Dodging
 + Level 0.4 Stealth


You had 4 spell levels left.
You didn't know any spells.

Dungeon Overview and Level Annotations

Branches:
Dungeon (3/15)

Altars:
Fedhas

Annotations:
D:3 Grinder


Message History

Grinder gestures at you.
You barely resist.
Grinder says, "You look like you could use a good racking."
Grinder hits you but does no damage.
You hit Grinder.
Grinder is lightly wounded.
Grinder gestures at you.
You suddenly lose the ability to move!
Grinder hits you!
You writhe in agony.
Grinder hits you.
You writhe in agony.
Grinder hits you!
You writhe in agony.
* * * LOW HITPOINT WARNING * * *
Grinder hits you.
* * * LOW HITPOINT WARNING * * *
You writhe in agony. x2
Grinder hits you.
* * * LOW HITPOINT WARNING * * *
You writhe in agony.
* * * LOW HITPOINT WARNING * * *
Grinder hits you.
You die...

.+ #... ### .# ... ..
.# ..#.# .# ...# .#
#..# ≈# ####..### .#
#.......#
.############.##5.#.#
.#............##@†..#
##...............#..#
†.............####..#
##.....)......# ..#
#............# #.#
#............# ..
#............# .#
##............#
##............#


You could see Grinder.

Vanquished Creatures
  Ijyb (D:2)
  Terence (D:2)
  2 adders
  7 bats
  A giant cockroach (D:2)
  A goblin (D:2)
  3 hobgoblins (D:2)
  4 jackals (D:2)
  5 kobolds
  2 giant newts (D:3)
  4 rats (D:2)
31 creatures vanquished.

Notes
Turn   | Place    | Note
--------------------------------------------------------------
     0 | D:1      | coffecat the Human Berserker began the quest for the Orb.
     0 | D:1      | Reached XP level 1. HP: 18/18 MP: 1/1
   230 | D:2      | Reached XP level 2. HP: 24/24 MP: 2/2
   363 | D:2      | Reached XP level 3. HP: 29/29 MP: 3/3
   416 | D:2      | Noticed Terence
   423 | D:2      | Killed Terence
   424 | D:2      | Reached XP level 4. HP: 35/35 MP: 4/4
   511 | D:2      | Reached ** piety under Trog
   542 | D:2      | Noticed Ijyb
   560 | D:2      | Killed Ijyb
   713 | D:3      | Found a blossoming altar of Fedhas.
   721 | D:3      | Reached XP level 5. HP: 42/42 MP: 5/5
   782 | D:3      | Noticed Grinder
   796 | D:3      | Paralysed by Grinder for 6 turns
   800 | D:3      | HP: 1/42 [Grinder (6)]
   801 | D:3      | Slain by Grinder

Action                   |  1- 3 |  4- 6 || total
-------------------------+-------+-------++-------
Melee: Hand axe          |    31 |    60 ||    91
Invok: Berserk           |     3 |       ||     3
       Trog's Hand       |       |     1 ||     1
 Stab: Sleeping          |     1 |       ||     1
  Eat: Bread ration      |       |     1 ||     1
